General information
- name: BNet
- type: Ladder team game (AT/RT)
- host: Battle.net
- saver: ToweredCoward!
map: GoldRush
- players: 8
- length: 14:27
- speed: Fast
- version: 1.29 W3XP
- replay type: Public
» download(149 KB)
Players
team 1 (winner)
Just_np (
orange | 170 APM | 2456 actions | 14:27)
4 Archmage
2 Summon Water Elemental
2 Brilliance Aura
3 Paladin
2 Holy Light
1 Divine Shield
1 Mountain King
1 Storm Bolt
» actions
| Assign group hotkey | 68 | |
| Basic commands | 159 | |
| Build / train | 80 | |
| Enter build submenu | 21 | |
| Enter hero's abilities submenu | 8 | |
| Right click | 786 | |
| Select / deselect | 353 | |
| Select group hotkey | 896 | |
| Use ability | 85 | |
2456 total
» units
| Peasant | 25 | |
| Footman | 5 | |
| Rifleman | 8 | |
| Priest | 5 | |
43 total
» upgrades
| Long Rifles | 1 | |
| Priest Training | 1 | |
| Gunpowder | 2 | |
| Armor | 2 | |
6 total
» buildings
| Altar of Kings | 2 | |
| Farm | 9 | |
| Barracks | 1 | |
| Scout Tower | 2 | |
| Arcane Tower | 3 | |
| Keep | 2 | |
| Arcane Vault | 1 | |
| Blacksmith | 1 | |
| Arcane Sanctum | 1 | |
| Town Hall | 1 | |
| Castle | 3 | |
| Lumber Mill | 1 | |
27 total
» build order
00:05 Altar of Kings
00:18 Farm
00:19 Barracks
00:48 Farm
01:36 Scout Tower
01:55 Farm
02:01 Arcane Tower
02:02 Arcane Tower
03:27 Keep
03:27 Keep
04:02 Arcane Vault
04:06 Farm
04:09 Blacksmith
04:18 Scout Tower
04:22 Farm
04:46 Arcane Tower
04:59 Farm
05:47 Farm
06:34 Arcane Sanctum
07:20 Farm
09:10 Town Hall
11:47 Altar of Kings
13:16 Castle
13:16 Castle
13:17 Castle
13:24 Lumber Mill
13:41 Farm
» items
| Scroll of Regeneration | 1 | |
| Potion of Healing | 2 | |
| Lesser Clarity Potion | 2 | |
5 total

»
44s (
green | 93 APM | 1342 actions | 14:27)
3 Blademaster
1 Wind Walk
2 Critical Strike
» actions
| Assign group hotkey | 3 | |
| Basic commands | 12 | |
| Build / train | 54 | |
| ESC pressed | 1 | |
| Enter build submenu | 23 | |
| Enter hero's abilities submenu | 3 | |
| Right click | 921 | |
| Select / deselect | 227 | |
| Select group hotkey | 30 | |
| Use ability | 68 | |
1342 total
» units
| Peon | 7 | |
| Peasant | 3 | |
| Grunt | 3 | |
| Footman | 1 | |
| Troll Headhunter/Berserker | 1 | |
| Raider | 12 | |
27 total
» upgrades
» buildings
| Orc Burrow | 5 | |
| Altar of Storms | 1 | |
| Altar of Kings | 1 | |
| Farm | 2 | |
| Barracks | 2 | |
| Voodoo Lounge | 1 | |
| War Mill | 1 | |
| Stronghold | 2 | |
| Keep | 1 | |
| Beastiary | 2 | |
18 total
» build order
00:13 Orc Burrow
00:15 Altar of Storms
00:21 Altar of Kings
00:26 Farm
00:35 Farm
00:44 Barracks
01:01 Barracks
01:52 Voodoo Lounge
02:21 Orc Burrow
02:34 War Mill
03:16 Stronghold
03:16 Stronghold
03:48 Orc Burrow
04:10 Keep
05:41 Beastiary
05:45 Beastiary
08:20 Orc Burrow
09:15 Orc Burrow
» items
| Scroll of Speed | 2 | |
| Lesser Clarity Potion | 4 | |
| Healing Salve | 3 | |
| Potion of Mana | 4 | |
| Scroll of Regeneration | 1 | |
| Potion of Healing | 1 | |
15 total
zuendler (
red | 37 APM | 539 actions | 14:27)
5 Mountain King
3 Storm Bolt
2 Bash
2 Paladin
1 Holy Light
1 Divine Shield
1 Archmage
1 Summon Water Elemental
» actions
| Build / train | 94 | |
| Enter build submenu | 24 | |
| Enter hero's abilities submenu | 8 | |
| Remove unit from queue | 1 | |
| Right click | 175 | |
| Select / deselect | 180 | |
| Use ability | 57 | |
539 total
» units
| Peasant | 18 | |
| Footman | 22 | |
| Rifleman | 2 | |
| Knight | 7 | |
| Mortar Team | 6 | |
| Siege Engine | 1 | |
56 total
» upgrades
| Swords | 2 | |
| Gunpowder | 3 | |
| Fragmentation Shards | 2 | |
| Plating | 3 | |
| Masonry | 1 | |
| Barrage | 1 | |
| Armor | 1 | |
13 total
» buildings
| Barracks | 1 | |
| Altar of Kings | 1 | |
| Farm | 17 | |
| Arcane Vault | 1 | |
| Keep | 1 | |
| Blacksmith | 2 | |
| Lumber Mill | 2 | |
| Castle | 2 | |
| Scout Tower | 7 | |
| Town Hall | 2 | |
| Guard Tower | 5 | |
| Workshop | 2 | |
43 total
» build order
00:11 Barracks
00:14 Altar of Kings
00:18 Farm
00:29 Farm
01:33 Farm
01:45 Farm
02:12 Arcane Vault
02:46 Farm
02:46 Farm
02:51 Farm
02:51 Farm
04:06 Keep
06:19 Blacksmith
06:23 Lumber Mill
06:31 Blacksmith
06:35 Lumber Mill
06:37 Farm
06:38 Farm
06:57 Castle
07:11 Castle
07:29 Scout Tower
07:30 Scout Tower
07:31 Scout Tower
07:54 Town Hall
07:59 Guard Tower
08:03 Workshop
08:25 Town Hall
08:39 Guard Tower
08:53 Workshop
08:57 Farm
08:58 Farm
09:03 Guard Tower
09:08 Scout Tower
09:09 Scout Tower
09:10 Scout Tower
09:12 Scout Tower
12:21 Guard Tower
13:48 Guard Tower
13:52 Farm
13:52 Farm
13:52 Farm
14:16 Farm
14:16 Farm
» items
| Scroll of Regeneration | 2 | |
| Lesser Clarity Potion | 2 | |
4 total
team 2 (loser)

»
bartzer (
purple | 73 APM | 997 actions | 13:40)
2 Archmage
1 Summon Water Elemental
1 Brilliance Aura
1 Paladin
1 Devotion Aura
» actions
| Assign group hotkey | 16 | |
| Basic commands | 1 | |
| Build / train | 38 | |
| Enter build submenu | 22 | |
| Enter hero's abilities submenu | 3 | |
| Right click | 541 | |
| Select / deselect | 174 | |
| Select group hotkey | 167 | |
| Use ability | 35 | |
997 total
» units
» upgrades
| Gunpowder | 2 | |
| Armor | 1 | |
| Long Rifles | 1 | |
| Priest Training | 1 | |
5 total
» buildings
| Altar of Kings | 1 | |
| Farm | 11 | |
| Arcane Vault | 1 | |
| Lumber Mill | 2 | |
| Blacksmith | 1 | |
| Barracks | 2 | |
| Keep | 1 | |
| Arcane Sanctum | 1 | |
| Castle | 1 | |
21 total
» build order
00:11 Altar of Kings
00:29 Farm
01:11 Arcane Vault
01:41 Farm
01:59 Lumber Mill
02:07 Lumber Mill
02:18 Blacksmith
02:30 Barracks
02:41 Barracks
02:50 Farm
03:33 Farm
05:05 Farm
06:49 Keep
06:51 Farm
08:09 Farm
08:37 Farm
08:42 Farm
09:31 Arcane Sanctum
10:46 Castle
11:49 Farm
11:51 Farm
» items
| Lesser Clarity Potion | 2 | |
| Scroll of Regeneration | 3 | |
5 total
ToweredCoward! (
yellow | 20 APM | 295 actions | 14:27)
» actions
| Basic commands | 2 | |
| Build / train | 32 | |
| Enter build submenu | 25 | |
| Right click | 87 | |
| Select / deselect | 113 | |
| Use ability | 36 | |
295 total
» units
» upgrades
| Masonry | 2 | |
| Lumber Harvesting | 1 | |
3 total
» buildings
| Lumber Mill | 1 | |
| Scout Tower | 28 | |
| Arcane Tower | 3 | |
| Guard Tower | 15 | |
| Keep | 1 | |
| Altar of Kings | 1 | |
| Castle | 1 | |
50 total
» build order
00:30 Lumber Mill
00:38 Scout Tower
00:40 Scout Tower
00:43 Scout Tower
00:46 Scout Tower
00:52 Scout Tower
01:01 Scout Tower
01:22 Arcane Tower
01:47 Guard Tower
01:55 Arcane Tower
02:04 Guard Tower
02:39 Guard Tower
03:55 Scout Tower
03:59 Keep
05:06 Guard Tower
05:09 Scout Tower
05:12 Scout Tower
05:14 Scout Tower
05:18 Scout Tower
05:40 Guard Tower
05:42 Guard Tower
05:51 Guard Tower
05:53 Guard Tower
06:09 Scout Tower
06:10 Scout Tower
06:11 Scout Tower
06:12 Scout Tower
06:13 Scout Tower
06:43 Guard Tower
07:19 Guard Tower
07:42 Altar of Kings
07:45 Arcane Tower
08:08 Scout Tower
08:09 Scout Tower
08:09 Scout Tower
08:10 Scout Tower
08:11 Scout Tower
08:12 Scout Tower
08:13 Scout Tower
08:14 Scout Tower
08:15 Scout Tower
08:16 Scout Tower
08:23 Scout Tower
08:24 Scout Tower
09:10 Guard Tower
09:23 Guard Tower
10:24 Castle
10:34 Guard Tower
10:53 Guard Tower
12:02 Guard Tower
Paok-Partizan (
pink | 51 APM | 721 actions | 14:15)
3 Far Seer
2 Feral Spirit
1 Chain Lighting
» actions
| Assign group hotkey | 7 | |
| Basic commands | 17 | |
| Build / train | 29 | |
| Enter build submenu | 20 | |
| Enter hero's abilities submenu | 3 | |
| Right click | 343 | |
| Select / deselect | 197 | |
| Select group hotkey | 50 | |
| Use ability | 55 | |
721 total
» units
» upgrades
» buildings
| Barracks | 1 | |
| Altar of Storms | 1 | |
| Orc Burrow | 7 | |
| War Mill | 2 | |
| Voodoo Lounge | 1 | |
| Watch Tower | 4 | |
| Stronghold | 1 | |
| Beastiary | 2 | |
19 total
» build order
00:06 Barracks
00:08 Altar of Storms
00:10 Orc Burrow
02:27 War Mill
02:36 Orc Burrow
02:42 Voodoo Lounge
03:01 Orc Burrow
04:20 Watch Tower
04:28 Watch Tower
06:20 Orc Burrow
06:43 War Mill
07:05 Orc Burrow
08:07 Stronghold
09:42 Orc Burrow
10:38 Beastiary
10:40 Beastiary
11:36 Watch Tower
11:39 Watch Tower
11:42 Orc Burrow
» items
| Healing Salve | 1 | |
| Scroll of Town Portal | 1 | |
2 total

»
Cernunno (
teal | 60 APM | 829 actions | 13:46)
3 Lich
2 Frost Nova
1 Frost Armor
» actions
| Assign group hotkey | 18 | |
| Basic commands | 54 | |
| Build / train | 40 | |
| Enter build submenu | 16 | |
| Enter hero's abilities submenu | 3 | |
| Remove unit from queue | 1 | |
| Right click | 422 | |
| Select / deselect | 127 | |
| Select group hotkey | 115 | |
| Use ability | 33 | |
829 total
» units
| Acolyte | 4 | |
| Ghoul | 5 | |
| Crypt Fiend | 13 | |
22 total
» upgrades
» buildings
| Altar of Darkness | 1 | |
| Crypt | 1 | |
| Ziggurat | 7 | |
| Graveyard | 1 | |
| Tomb of Relics | 1 | |
| Halls of the Dead | 1 | |
| Nerubian Tower | 4 | |
| Sacrificial Pit | 1 | |
| Spirit Tower | 2 | |
| Black Citadel | 1 | |
| Boneyard | 2 | |
22 total
» build order
00:10 Altar of Darkness
00:12 Crypt
00:26 Ziggurat
01:21 Graveyard
01:24 Ziggurat
02:15 Tomb of Relics
02:45 Ziggurat
04:31 Halls of the Dead
04:52 Nerubian Tower
04:53 Nerubian Tower
05:12 Nerubian Tower
05:32 Ziggurat
06:11 Ziggurat
07:13 Nerubian Tower
07:27 Sacrificial Pit
07:47 Spirit Tower
09:38 Black Citadel
10:05 Ziggurat
10:58 Ziggurat
11:59 Boneyard
12:13 Boneyard
12:31 Nerubian Tower
13:42 Spirit Tower
» items
| Rod of Necromancy | 1 | |
| Scroll of Town Portal | 1 | |
| Potion of Healing | 1 | |
3 total
Chat log
(04:59 / Allies) Paok-Partizan: we're screwed
(05:04 / Allies) Paok-Partizan: look at yellow
(05:22 / Allies) ToweredCoward!: yes, look and emulate
(05:26 / Allies) ToweredCoward!: mire like pink is mirin
(08:09 / All) 44s: LOLLLLLLLLLLLLLL
(09:18 / Allies) Paok-Partizan: counter=
(12:21 / Allies) ToweredCoward!: We're doomed, boys
(12:25 / Allies) ToweredCoward!: Pink didn't have enough towers
(12:49 / All) ToweredCoward!: Guys, it is plain for all to see that our team is doomed. However, it is through no fault of my own that we lose. Rather,
(12:57 / All) ToweredCoward!: pink simply did not have enough towers
(13:19 / Allies) Paok-Partizan: it was 3v4 btw, yellow is a cunt with no units
(13:20 / All) ToweredCoward!: And through his shabby play and poorly executed strategy we all get a loss on our records
(13:30 / All) bartzer: 4on4 RT is Mana
(13:36 / All) bartzer: gg
(13:47 / All) ToweredCoward!: GG WP to all
(13:49 / All) ToweredCoward!: except pink
(13:59 / Allies) Paok-Partizan: i hope your mother will die soon
(14:07 / All) ToweredCoward!: Pink may you never get on my team again, you have ruined my record
(14:12 / Allies) Paok-Partizan: hoping she is already dead
(14:25 / All) ToweredCoward!: See, he is a bad person and an awful teammate